 Dungeon Crawl Stone Soup version 0.27-a0-1154-gfdeffcb720 (webtiles) character file.

Game seed: 12046417337605897280

135 senseless the Ruffian (level 5, -3/46 HPs)
             Began as a Ghoul Monk on May 14, 2021.
             Slain by Sigmund
             ... wielding a +0 scythe
              (14 damage)
             ... on level 2 of the Dungeon.
             The game lasted 00:05:04 (2207 turns).

senseless the Ruffian (Ghoul Monk)                  Turns: 2207, Time: 00:05:05

Health: -3/46      AC:  2    Str: 16    XL:     5   Next: 18%
Magic:  4/4        EV: 12    Int:  5    God:
Gold:   113        SH:  0    Dex: 11    Spells: 4/4 levels left

rFire    . . .     SeeInvis .     - Unarmed
rCold    + . .     Faith    .   (no shield)
rNeg     + + +     Spirit   .   a - +0 robe
rPois    ∞         Reflect  .   (no helmet)
rElec    .         Harm     .   (no cloak)
rCorr    .         Rampage  .   (no gloves)
Will     .....                  (no boots)
Stlth    +.........             (no amulet)
HPRegen  0.00/turn              (no ring)
MPRegen  0.09/turn              (no ring)

@: confused, brilliant, hasted, very quick
A: claws 1, cold resistance 1, negative energy resistance 3, inhibited
regeneration, torment resistance 2
a: no special abilities


You were on level 2 of the Dungeon.
You visited 1 branch of the dungeon, and saw 2 of its levels.

You collected 113 gold pieces.

Inventory:

Hand Weapons
 e - a +2 dagger of venom
Missiles
 f - 2 throwing nets (quivered)
Armour
 a - a +0 robe (worn)
 j - a +0 pair of gloves
Scrolls
 b - 4 scrolls of identify
 g - a scroll of fear {unknown}
 i - a scroll of fog {unknown}
Potions
 d - 2 potions of ambrosia
 l - a potion of lignification {unknown}


   Skills:
 + Level 3.8 Fighting
 + Level 3.4 Dodging
 + Level 3.0 Stealth
 + Level 4.9 Unarmed Combat


You had 4 spell levels left.
You didn't know any spells.
Your spell library was empty.

Dungeon Overview and Level Annotations

Branches:
Dungeon (2/15)

Altars:
Nemelex Xobeh

Shops:
D:1 =   D:2 (

Annotations:
D:2 Sigmund


Innate Abilities, Weirdness & Mutations

You thrive by killing the living.
You are immune to poison.
You have sharp fingernails.
Your flesh is cold resistant. (rC+)
You are immune to negative energy. (rN+++)
You do not regenerate when monsters are visible.
You are immune to unholy pain and torment.


Message History

Sigmund points at you and mumbles some strange words.
The magic dart hits you.
You closely miss Sigmund.
Sigmund splashes around in the water.
You barely miss Sigmund. Your claw misses Sigmund.
Sigmund hits you with a +0 scythe!
You scratch Sigmund.
Sigmund is lightly wounded.
Sigmund misses you.
It was a potion of curing.
You feel better. Sigmund closely misses you.
It was a potion of brilliance.
You feel clever all of a sudden. Sigmund barely misses you.
It was a potion of haste.
You feel yourself speed up.
Sigmund splashes around in the water.
You claw Sigmund!
Sigmund is heavily wounded.
Sigmund closely misses you.
You claw Sigmund!
Sigmund is severely wounded.
You closely miss Sigmund.
Sigmund is severely wounded.
Sigmund hits you with a +0 scythe!
You closely miss Sigmund.
Sigmund is severely wounded.
Sigmund hits you with a +0 scythe.
You scratch Sigmund but do no damage.
Sigmund is severely wounded.
You scratch Sigmund.
Sigmund is severely wounded.
Sigmund points at you and mumbles some strange words.
You are confused.
You miss Sigmund.
Sigmund is severely wounded.
Sigmund hits you with a +0 scythe.
* * * LOW HITPOINT WARNING * * *
You bump into the rock wall.
You closely miss Sigmund.
Sigmund is severely wounded.
Sigmund hits you with a +0 scythe!
You die...

.###.#..#.#............# ##...
.##.###..∩...###.......# #....
.#.## ##..#..# ###...### #....
..## ##....# #...# #.... .#.##
##.....# ##.## #....
.##.###.#.##.# ###.### #....
.###)#..#.##.# #...#.## #.... ##
##.#.#....####.#....# #....
###'#####...@.....## #....
##...## #####@##### ##...
##.....## #.PP≈P.P# ##..
##.......####P.P≈P.# ###.
###.........####P.≈.##########.##
..+.........'..##.≈P#...........#
###.........#####P≈.#.########...
##.......## #.≈##.#### ##.#
##.....## P≈.#.....# #.#


You could see Sigmund.

Vanquished Creatures
  An iguana (D:2)
  Jessica (D:2)
  3 adders (D:2)
  2 worms (D:2)
  2 dart slugs
  3 ball pythons
  5 endoplasms
  2 giant cockroaches
  4 goblins
  5 hobgoblins
  4 kobolds
  2 quokkas
  5 bats
  4 frilled lizards
  2 rats (D:2)
45 creatures vanquished.

Notes
Turn   | Place    | Note
-------+----------+-------------------------------------------
     0 | D:1      | senseless the Ghoul Monk began the quest for the Orb.
     0 | D:1      | Reached XP level 1. HP: 19/19 MP: 0/0
   153 | D:1      | Reached XP level 2. HP: 23/26 MP: 1/1
   740 | D:1      | Reached XP level 3. HP: 30/33 MP: 2/2
   976 | D:1      | Found Bulolo's Jewellery Shoppe.
  1070 | D:2      | Found a sparkling altar of Nemelex Xobeh.
  1104 | D:2      | Reached skill level 4 in Unarmed Combat
  1493 | D:2      | Found Liditeu's Antique Weapon Boutique.
  1537 | D:2      | Noticed Jessica
  1539 | D:2      | Killed Jessica
  1540 | D:2      | Reached XP level 4. HP: 40/40 MP: 3/3
  1748 | D:2      | Reached XP level 5. HP: 34/46 MP: 4/4
  2181 | D:2      | Noticed Sigmund
  2207 | D:2      | Slain by Sigmund

Illustrated notes

Levels and vault maps discovered:
D:1:      erik_arrival_orb_chamber, layout_rooms, serial_shops, shop,
          wander_ebering_terrifying_dragon_lair
D:2:      kennysheep_big_flooded_room, layout_loops_corners, serial_shops, shop,
          shapermc_ecumenical_altar_hornbeckon, basic_altar, uniq_sigmund,
          uniq_jessica

Skill      XL: |  1  2  3  4  5 |
---------------+----------------+-----
Dodging        | 3 |  3.4
Unarmed Combat | 4 |  4.9
Stealth        | 3 |  3.0
Fighting       | |  3.8

Action                   |  1- 3 |  4- 6 || total
-------------------------+-------+-------++-------
Melee: Unarmed           |    82 |    66 ||   148
       Punch             |     1 |     2 ||     3
  Use: Scroll            |     2 |       ||     2
       Potion            |       |     3 ||     3
 Stab: Sleeping          |     3 |     1 ||     4
Armor: Robe              |    16 |     5 ||    21
Dodge: Dodged            |    49 |    30 ||    79

Table legend: (Time is in decaauts)
 A = Elapsed time spent in this place.
 B = Non-inter-level travel time spent in this place.
 C = Inter-level travel time spent in this place.
 D = Time resting spent in this place.
 E = Time spent auto-exploring this place.
 F = Levels seen in this place.
 G = Mean time per level.
                   A        B        C        D        E       F      G
               +--------+--------+--------+--------+--------+-----+--------+
         Total |   2196 |   2180 |     16 |      6 |   1867 |   2 | 1098.0 |
       Dungeon |   2196 |   2180 |     16 |      6 |   1867 |   2 | 1098.0 |
               +--------+--------+--------+--------+--------+-----+--------+

Top non-repeatable levels by time:
     D:2: 1190 daAuts
     D:1: 1005 daAuts
